 Dungeon Crawl Stone Soup version 0.20.1-1-g8b1a95d (webtiles) character file.

3098 letownia2 the Reanimator (level 9, -15/74 HPs)
             Began as a Deep Dwarf Necromancer on Dec 18, 2017.
             Was an Initiate of Gozag.
             Demolished by an orc warrior
             ... wielding a +0 dire flail
              (24 damage)
             ... on level 7 of the Dungeon.
             The game lasted 00:30:43 (7610 turns).

letownia2 the Reanimator (Deep Dwarf Necromancer)   Turns: 7610, Time: 00:30:44

Health: -15/74     AC:  6    Str: 13    XL:     9   Next: 59%
Magic:  15/21      EV: 14    Int: 21    God:    Gozag
Gold:   999        SH:  0    Dex: 13    Spells: 17/25 levels left

rFire    . . .     SeeInvis .   O - +0 rapier of Lies {pierce, rC+ Int+3} (curse)
rCold    + . .     Gourm    .   (no shield)
rNeg     . . .     Faith    .   x - +0 ring mail {rPois}
rPois    +         Spirit   .   (no helmet)
rElec    .         Reflect  .   L - +0 cloak
rCorr    .         Harm     .   (no gloves)
MR       +....                  (no boots)
Stlth    +.........             (no amulet)
Regen    0.0/turn               m - +3 ring of evasion
MPRegen  0.2/turn               (no ring)

@: non-regenerating
A: damage resistance, heal wounds, sense surroundings 2, no regeneration
a: Heal Wounds, Potion Petition, Call Merchant, Bribe Branch, Renounce Religion


You were on level 7 of the Dungeon.
You worshipped Gozag.
Gozag was pleased with you.
You were hungry.

You visited 1 branch of the dungeon, and saw 8 of its levels.
You also visited: Sewer and Ossuary.

You collected 1661 gold pieces.
You paid 662 gold pieces to Gozag.

Inventory:

Hand Weapons
 a - a +1 mace of crushing
 b - a +1 dire flail of protection
 l - a +0 hand axe
 n - a +0 whip of draining
 p - a +4 scythe of protection
 u - a +0 war axe
 y - a cursed -3 hand axe
 G - a +0 blowgun
 I - a +4 quarterstaff of chaos
 M - a +0 whip of freezing
 O - the cursed +0 rapier of Lies (weapon) {pierce, rC+ Int+3}
   (You found it on level 7 of the Dungeon)

   It inflicts extra damage upon your enemies.
   It affects your intelligence (+3).
   It protects you from cold.
   It has a curse placed upon it.
Missiles
 A - 49 bolts
 H - 52 poisoned needles
 U - a throwing net (quivered)
Armour
 t - a +0 scale mail
 x - a +0 ring mail of poison resistance (worn)
 L - a +0 cloak (worn)
Jewellery
 m - a +3 ring of evasion (left hand)
Wands
 K - a wand of iceblast (0/15)
 Q - a wand of polymorph (0/24)
Scrolls
 e - 2 scrolls of enchant weapon {unknown}
 g - a scroll of blinking {unknown}
 h - a scroll of noise {unknown}
 i - 9 scrolls of identify
 k - 2 scrolls of teleportation
 o - 9 scrolls of remove curse
 v - 4 scrolls of magic mapping {unknown}
 z - 4 scrolls of fear {unknown}
 B - 2 scrolls of random uselessness {unknown}
 C - 2 scrolls of fog {unknown}
 F - a scroll of recharging {unknown}
 P - a scroll of enchant armour {unknown}
Potions
 d - 4 potions of invisibility {unknown}
 f - 5 potions of lignification {unknown}
 j - 8 potions of curing {unknown}
 r - 5 potions of mutation
 s - 6 potions of brilliance {unknown}
 w - 4 potions of agility {unknown}
 E - 9 potions of heal wounds {unknown}
 J - 3 potions of haste
 N - 2 potions of magic {unknown}
 R - a potion of flight {unknown}
 T - a potion of might {unknown}
Books
 D - a book of Flames

   Spells                             Type                      Level
   a - Flame Tongue                   Conjuration/Fire             1
   b - Throw Flame                    Conjuration/Fire             2
   c - Conjure Flame                  Conjuration/Fire             3
   d - Inner Flame                    Hexes/Fire                   3
   e - Sticky Flame                   Conjuration/Fire             4
   f - Fireball                       Conjuration/Fire             5
Comestibles
 c - 4 bread rations
 q - a royal jelly
 S - a meat ration


   Skills:
 + Level 2.6 Fighting
 + Level 0.0 Armour
 - Level 2.1 Dodging
 - Level 2.4 Stealth
 - Level 8.5 Spellcasting
 - Level 3.0 Conjurations
 + Level 8.5 Necromancy
 + Level 2.9 Fire Magic
 - Level 2.4 Evocations


You had 17 spell levels left.
You knew the following spells:

 Your Spells              Type           Power        Failure   Level  Hunger
a - Pain                  Necr           ####         1%          1    None
c - Conjure Flame         Conj/Fire      ###.....     14%         3    None
d - Flame Tongue          Conj/Fire      ###..        4%          1    None
v - Vampiric Draining     Necr           #####.....   1%          3    None


Dungeon Overview and Level Annotations

Branches:
Dungeon (8/15)             Temple (0/1) D:6            Lair (0/6) D:8

Altars:
Cheibriados
Elyvilon
Fedhas
Gozag
Trog
Xom
The Shining One

Shops:
D:4 [   D:6 %[


Innate Abilities, Weirdness & Mutations

You are resistant to damage.
You can heal yourself by infusing magical energy.
You passively map the area around you.
You do not regenerate.


Message History

There are monsters nearby!
Casting: Flame Tongue
Confirm with . or Enter, or press ? or * to list all spells.
Aiming: Vampiric Draining
Press: ? - help, Shift-Dir - straight line, f - orc warrior
Aim: an orc warrior, wielding a dire flail and wearing a chain mail The orc warrior is moderately wounded.
You feel life coursing into your body.
The orc warrior hits you with a dire flail!!
* * * LOW HITPOINT WARNING * * *
Casting: Vampiric Draining
Confirm with . or Enter, or press ? or * to list all spells.
Aiming: Vampiric Draining
Press: ? - help, Shift-Dir - straight line, f/p - orc warrior
Aim: an orc warrior, wielding a dire flail and wearing a chain mail (moderately wounded)
The orc warrior is heavily wounded.
You feel life coursing into your body.
The orc warrior hits you with a dire flail!!
You die...
Your body crumbles into a pile of gold.

, . , .######......#..#
***, .o...
........#........ * ,
..... #####...........
o..#.######.##......#. *
.......#...##...<.... * *
#.. #.....#####..### * #..
##..#.........##
*.#####.####......###.#...
*......?o@............###.
*
.................[...###.
###..........####..#.....
*#..........## #..####..
#............# #....###. *
* * #............#
#.#.....# ,#............#
#.#...... * ,,,,
##.....$....## #.####.## *
, ####...##zz.## #.# #...


You could see an orc warrior.

Vanquished Creatures
  Pikel (D:5)
  Grinder (D:5)
  A hippogriff (D:8)
  Sigmund (D:5)
  Edmund (D:5)
  2 sky beasts
  An ice beast (D:7)
  4 slaves
  Blork the orc (D:5)
  A big kobold (Sewer)
  A gnoll sergeant (D:7)
  A bullfrog (D:8)
  A scorpion (D:6)
  3 killer bees (D:6)
  4 wights
  A crimson imp (D:7)
  A howler monkey (D:4)
  2 jellies
  4 orc priests
  Crazy Yiuf (D:5)
  2 centaur zombies
  3 hounds
  3 orc wizards
  7 worker ants
  2 iguanas
  A big kobold zombie (Ossuary)
  2 hound skeletons (D:4)
  A hound zombie (Ossuary)
  4 mummies (Ossuary)
  5 gnolls (D:7)
  9 adders
  5 river rats (Sewer)
  A white imp (D:8)
  2 oozes
  An adder skeleton (D:5)
  2 worms
  5 leopard geckos
  21 orcs
  5 ball pythons (Sewer)
  3 bats (D:1)
  6 giant cockroaches
  8 hobgoblins
  12 jackals
  5 quokkas
  7 frilled lizards
  A gnoll zombie (Ossuary)
  3 goblins
  4 goblin zombies (Ossuary)
  A hobgoblin zombie (Ossuary)
  A jackal zombie (D:7)
  29 kobolds
  3 orc zombies (Ossuary)
  A quokka skeleton (D:4)
  28 rats
  A rat zombie (Ossuary)
  A fungus (D:5)
228 creatures vanquished.

Notes
Turn   | Place    | Note
-------+----------+-------------------------------------------
     0 | D:1      | letownia2 the Deep Dwarf Necromancer began the quest for the Orb.
     0 | D:1      | Reached XP level 1. HP: 15/15 MP: 3/3
   405 | D:3      | Reached XP level 2. HP: 13/22 MP: 0/5
   606 | D:3      | Found an opulent altar of Gozag.
   787 | D:3      | Became a worshipper of Gozag Ym Sagoz the Greedy
   799 | D:3      | Reached skill level 5 in Necromancy
   799 | D:3      | Reached XP level 3. HP: 10/28 MP: 0/6
  1149 | D:3      | Found a glowing golden altar of the Shining One.
  1243 | D:3      | Reached XP level 4. HP: 13/36 MP: 0/8
  1593 | D:2      | Learned a level 3 spell: Vampiric Draining
  2407 | D:4      | Reached XP level 5. HP: 13/42 MP: 5/9
  2614 | D:4      | Found Utoeb's Armour Shoppe.
  3026 | D:5      | Entered Level 5 of the Dungeon
  3026 | D:5      | Noticed a slave
  3026 | D:5      | Noticed a slave
  3030 | D:5      | Noticed Pikel
  3031 | D:5      | Noticed a slave
  3032 | D:5      | Noticed a slave
  3058 | D:5      | Noticed Sigmund
  3065 | D:5      | Killed Sigmund
  3065 | D:5      | Reached XP level 6. HP: 27/49 MP: 3/10
  3084 | D:5      | Noticed Blork the orc
  3128 | D:5      | Killed Blork the orc
  3391 | D:5      | Reached XP level 7. HP: 26/56 MP: 4/11
  3651 | D:5      | Noticed Grinder
  3856 | D:4      | Reached skill level 1 in Fighting
  3928 | D:4      | Learned a level 1 spell: Flame Tongue
  3932 | D:4      | Learned a level 3 spell: Conjure Flame
  4365 | D:6      | Found a glowing drain.
  4381 | Sewer    | Entered a sewer
  4471 | Sewer    | Reached skill level 1 in Evocations
  5236 | D:6      | Found Piont's Food Boutique.
  5349 | D:5      | Killed Grinder
  5349 | D:5      | Reached skill level 5 in Spellcasting
  5349 | D:5      | Reached XP level 8. HP: 26/68 MP: 13/15
  5487 | D:6      | Found a staircase to the Ecumenical Temple.
  5769 | D:5      | Noticed Edmund
  5835 | D:5      | Killed Pikel
  5859 | D:5      | Killed Edmund
  5999 | D:5      | Found a runed door.
  6003 | D:5      | Noticed Crazy Yiuf
  6007 | D:5      | Killed Crazy Yiuf
  6113 | D:5      | Gained mutation: You passively map the area around you. [Deep Dwarf growth]
  6113 | D:5      | Reached XP level 9. HP: 43/74 MP: 12/20
  6526 | D:7      | Got a fine rapier
  6542 | D:7      | Identified the cursed +0 rapier of Lies {pierce, rC+ Int+3} (You found it on level 7 of the Dungeon)
  6788 | D:8      | Found a shimmering altar of Xom.
  6791 | D:8      | Found an opulent altar of Gozag.
  6792 | D:8      | Found a white marble altar of Elyvilon.
  6792 | D:8      | Found a bloodstained altar of Trog.
  6793 | D:8      | Found a snail-covered altar of Cheibriados.
  6793 | D:8      | Found a blossoming altar of Fedhas.
  6838 | D:8      | Noticed a two-headed ogre
  6854 | D:8      | Reached skill level 1 in Conjurations
  6854 | D:8      | Reached skill level 1 in Fire Magic
  7001 | D:8      | Found a staircase to the Lair.
  7005 | D:8      | Found a sand-covered staircase.
  7040 | Ossuary  | Entered an ossuary
  7610 | D:7      | Demolished by an orc warrior

Skill      XL: |  1  2  3  4  5  6  7  8  9 |
---------------+----------------------------+-----
Spellcasting   | 2 3 5 7 8 |  8.5
Necromancy     | 5 6 8 |  8.5
Fighting       | 2 |  2.6
Evocations     | 2 |  2.4
Conjurations   | 3 |  3.0
Fire Magic     | 2 |  2.9
Dodging        | |  2.1
Stealth        | |  2.4

Action                   |  1- 3 |  4- 6 |  7- 9 || total
-------------------------+-------+-------+-------++-------
Melee: Unarmed           |     2 |       |       ||     2
       Hand axe          |     4 |     4 |       ||     8
       Mace              |       |    35 |   203 ||   238
       Short sword       |       |       |    18 ||    18
       Whip              |       |       |    20 ||    20
       Rapier            |       |       |   161 ||   161
 Cast: Pain              |    69 |    65 |    89 ||   223
       Vampiric Draining |       |    14 |    93 ||   107
       Flame Tongue      |       |       |    36 ||    36
       Conjure Flame     |       |       |     6 ||     6
Invok: Call Merchant     |       |       |     1 ||     1
Evoke: Wand              |       |       |     6 ||     6
  Use: Scroll            |       |     2 |     2 ||     4
 Stab: Distracted        |       |       |     1 ||     1
  Eat: Royal jelly       |     3 |       |     2 ||     5
       Fruit             |       |     5 |       ||     5
       Chunk             |       |       |     4 ||     4
       Bread ration      |       |       |     2 ||     2
Armor: Robe              |     6 |       |       ||     6
       Ring mail         |     3 |    16 |   216 ||   235
Dodge: Dodged            |    35 |    53 |   507 ||   595
